 Dungeon Crawl Stone Soup version 0.32-a0-22-g6ae6769602 (webtiles) character file.

Game seed: 12523330565943918675

1463165 Drazool the Worldbinder (level 26, 176/176 HPs)
             Began as a Felid Summoner on Jan 17, 2024.
             Was a High Priest of Sif Muna.
             Escaped with the Orb
             ... and 3 runes on Jan 18, 2024!
             The game lasted 09:33:49 (92401 turns).

Drazool the Worldbinder (Felid Summoner)           Turns: 92401, Time: 09:33:50

Health: 176/176    AC:  9    Str: 15    XL:     26   Next: 30%
Magic:  60/60      EV: 28    Int: 28    God:    Sif Muna [*****.]
Gold:   3517       SH:  0    Dex: 28    Spells: 9/71 levels left
                                        Lives:  2   Deaths: 7

rFire   + .          .
                       - Unarmed
rCold   . . .        (shield unavailable)
rNeg    + + .        (body armour unavailable)
rPois   +            (helmet unavailable)
rElec   +            (cloak unavailable)
rCorr   +            (gloves unavailable)
SInv    +            (boots unavailable)
Will    +++++        b - amulet "Zattyxiu" {RegenMP rElec rCorr MP+9 Int-4}
Stlth   ++           f - ring of protection from fire
HPRegen 0.49/turn    M - ring "Fyddoo Leitt" {rN+ Str+6 Int+3 Dex+6 SInv}
MPRegen 0.77/turn

%: clarity
@: snake-form, studying 2 skills
A: constrict, boosted hp, large, (claws 1), (fangs 3), see invisible, (shaggy
fur 3), (stealthy paws), no weapons or thrown items, no armour, multi-lived,
clarity, (poison resistance), screaming 1, MP-powered wands
0: Orb of Zot
}: 3/15 runes: serpentine, barnacled, silver
a: Begin Untransformation, Renounce Religion, Channel Magic, Forget Spell,
Divine Exegesis


You escaped.
You worshipped Sif Muna.
Sif Muna was extremely pleased with you.
You were an enormous serpent.
You visited 10 branches of the dungeon, and saw 48 of its levels.
You visited the Abyss 1 time.
You visited 1 bazaar.
You also visited: Ice Cave.

You collected 7559 gold pieces.
You spent 4042 gold pieces at shops.


Innate Abilities, Weirdness & Mutations

You are an enormous serpent.
You have a powerful constriction melee attack.
Your maximum health is increased.
((You have sharp claws.))
((You have razor-sharp teeth.))
You have supernaturally acute eyesight. (SInv)
((Your thick and shaggy fur keeps you warm. (AC +3, rC+)))
((Your paws help you pounce on unaware monsters.))
You are incapable of wielding weapons or throwing items.
You cannot wear armour.
You gain extra lives every three experience levels.
You possess an exceptional clarity of mind.
((Your system is resistant to poisons. (rPois)))
You occasionally shout uncontrollably at your foes.
You expend magic power (3 MP) to strengthen your wands.


   Skills:
 - Level 18.0 Fighting
 - Level 19.0 Dodging
 - Level 9.0 Stealth
 - Level 3.0 Unarmed Combat
 - Level 23.0 Spellcasting
 - Level 12.0 Hexes
 + Level 25.4 Summonings
 - Level 12.0 Necromancy
 - Level 11.0 Translocations
 - Level 6.0 Fire Magic
 - Level 9.0 Air Magic
 - Level 7.0 Earth Magic
 - Level 14.0 Invocations
 - Level 6.0 Evocations
 - Level 10.0 Shapeshifting


You had 9 spell levels left.
You knew the following spells:

 Your Spells              Type           Power      Damage    Failure   Level
b - Borgnjor's Vile Clut  Necr/Erth      35%        N/A       1%          5
d - Dragon's Call         Summ           54%        N/A       3%          9
f - Summon Forest         Summ/Tloc      47%        N/A       0%          5
g - Malign Gateway        Summ/Tloc      47%        N/A       1%          7
h - Summon Hydra          Summ           54%        N/A       1%          7
l - Summon Lightning Spi  Summ/Air       91%        N/A       0%          4
m - Monstrous Menagerie   Summ           54%        N/A       1%          7
t - Haunt                 Necr/Summ      47%        N/A       1%          7
u - Passage of Golubria   Tloc           76%        N/A       1%          4
B - Blink                 Tloc           100%       N/A       1%          2
X - Yara's Violent Unrav  Hex/Alch       30%        3d13      2%          5

Your spell library contained the following spells:

 Spells                   Type           Power      Damage    Failure   Level
 Apportation              Tloc           100%       N/A       0%          1
 Necrotise                Necr           100%       1d9       0%          1
 Slow                     Hex            100%       N/A       0%          1
 Summon Small Mammal      Summ           100%       N/A       0%          1
 Call Imp                 Summ           100%       N/A       0%          2
 Jinxbite                 Hex            100%       N/A       0%          2
 Sublimation of Blood     Necr           78%        N/A       0%          2
 Call Canine Familiar     Summ           100%       N/A       0%          3
 Martyr's Knell           Necr/Summ      95%        N/A       0%          4
 Summon Blazeheart Golem  Fire/Summ      88%        N/A       0%          4
 Summon Mana Viper        Hex/Summ       95%        N/A       0%          5
 Summon Cactus Giant      Summ           54%        N/A       0%          6
 Foxfire                  Conj/Fire      100%       2x1d9     1%          1
 Freeze                   Ice            100%       1d10      1%          1
 Kiss of Death            Conj/Necr      100%       2d13      1%          1
 Magic Dart               Conj           100%       1d8       1%          1
 Shock                    Conj/Air       100%       1d9       1%          1
 Sting                    Conj/Alch      100%       1d9       1%          1
 Cigotuvi's Dreadful Rot  Necr/Alch/Air  100%       N/A       1%          2
 Ensorcelled Hibernation  Hex/Ice        100%       N/A       1%          2
 Lesser Beckoning         Tloc           100%       N/A       1%          2
 Mercury Vapours          Alch/Air       100%       N/A       1%          2
 Momentum Strike          Conj/Tloc      100%       3d10      1%          2
 Scorch                   Fire           100%       2d9       1%          2
 Searing Ray              Conj           64%        2d6       1%          2
 Static Discharge         Conj/Air       100%       3-8/arc   1%          2
 Confusing Touch          Hex            78%        N/A       1%          3
 Dazzling Flash           Conj/Hex       100%       N/A       1%          3
 Fugue of the Fallen      Necr           78%        N/A       1%          3
 Inner Flame              Hex/Fire       70%        N/A       1%          3
 Mephitic Cloud           Conj/Alch/Air  49%        N/A       1%          3
 Passwall                 Erth           63%        N/A       1%          3
 Sigil of Binding         Hex            78%        N/A       1%          3
 Summon Ice Beast         Ice/Summ       80%        N/A       1%          3
 Swiftness                Air            70%        N/A       1%          3
 Teleport Other           Tloc           76%        N/A       1%          3
 Tukima's Dance           Hex            78%        N/A       1%          3
 Vampiric Draining        Necr           78%        2d11      1%          3
 Volatile Blastmotes      Fire/Tloc      100%       2d18      1%          3
 Airstrike                Air            35%        2d(5-21)  1%          4
 Anguish                  Hex/Necr       39%        N/A       1%          4
 Animate Dead             Necr           78%        N/A       1%          4
 Cause Fear               Hex            39%        N/A       1%          4
 Dispel Undead            Necr           78%        3d26      1%          4
 Iskenderun's Mystic Bla  Conj/Tloc      58%        2d12      1%          4
 Manifold Assault         Tloc           76%        N/A       1%          4
 Vhi's Electric Charge    Tloc/Air       100%       N/A       1%          4
 Curse of Agony           Necr           78%        N/A       1%          5
 Lee's Rapid Deconstruct  Erth           31%        3d16*     1%          5
 Silence                  Hex/Air        37%        N/A       1%          5
 Death Channel            Necr           39%        N/A       1%          6
 Summon Horrible Things   Summ           54%        N/A       1%          8
 Brom's Barrelling Bould  Conj/Erth      51%        2d7       2%          4
 Leda's Liquefaction      Alch/Erth      25%        N/A       2%          4
 Petrify                  Alch/Erth      51%        N/A       2%          4
 Metabolic Englaciation   Hex/Ice        30%        N/A       2%          5
 Frozen Ramparts          Ice            64%        1d10      3%          3
 Hailstorm                Conj/Ice       32%        3d8       3%          3
 Flame Wave               Conj/Fire      49%        2d12      3%          4
 Sticky Flame             Fire/Alch      49%        2d9       3%          4
 Arcjolt                  Conj/Air       27%        1d37      4%          5
 Spellforged Servitor     Conj/Summ      40%        N/A       4%          7
 Enfeeble                 Hex            39%        N/A       6%          7
 Plasma Beam              Fire/Air       32%        2x1d45    8%          6
 Fireball                 Conj/Fire      24%        3d11      9%          5
 Freezing Cloud           Conj/Ice/Air   24%        6-21      9%          5
 Fulminant Prism          Conj/Alch      16%        3d11      11%         4
 Olgreb's Toxic Radiance  Alch           32%        N/A       11%         4
 Conjure Ball Lightning   Conj/Air       27%        3x3d8     26%         6
 Alistair's Intoxication  Alch           21%        N/A       28%         5
 Irradiate                Conj/Alch      16%        3d17      28%         5
 Iskenderun's Battlesphe  Conj           32%        2d8       28%         5
 Bombard                  Conj/Erth      25%        9d5       36%         6
 Borgnjor's Revivificati  Necr           39%        N/A       45%         8
 Discord                  Hex            39%        N/A       45%         8
 Infestation              Necr           39%        N/A       45%         8
 Disjunction              Tloc           38%        N/A       58%         8
 Sculpt Simulacrum        Ice/Alch       16%        N/A       85%         6
 Maxwell's Capacitive Co  Air            35%        ∞         86%         8
 Ignition                 Fire           30%        3d10      99%         8
 Orb of Destruction       Conj           16%        9d7       100%        7
 Chain Lightning          Conj/Air       27%        3d36      100%        9
 Death's Door             Necr           39%        N/A       100%        9
 Fire Storm               Conj/Fire      24%        8d6       100%        9
 Shatter                  Erth           31%        3d26*     100%        9
 Animate Armour           Summ/Erth      Unusable   N/A       N/A         4

Inventory:

Hand Weapons
 z - a +0 arbalest
Armour
 j - a +0 robe
Jewellery
 b - the amulet "Zattyxiu" (around neck) {RegenMP rElec rCorr MP+9 Int-4}
   (You found it on level 8 of the Dungeon)

   [amulet of magic regeneration]

   RegenMP:   It increases your rate of magic regeneration.
   Int-4:     It affects your intelligence (-4).
   rElec:     It insulates you from electricity.
   MP+9:      It affects your magic capacity (+9).
   rCorr:     It protects you from acid and corrosion.
 c - a ring of protection from cold
 f - a ring of protection from fire (left hand)
 m - the ring "Sarejinu" {Will+ Int+2}
   (You found it on level 1 of the Depths)

   [ring of willpower]

   Int+2:     It affects your intelligence (+2).
   Will+:     It increases your willpower.
 p - the amulet of Fuowaoss {RegenMP rF+ Str+3}
   (You took it off a tengu reaver on level 5 of the Vaults)

   [amulet of magic regeneration]

   RegenMP:   It increases your rate of magic regeneration.
   Str+3:     It affects your strength (+3).
   rF+:       It protects you from fire.
 t - the ring of Shadows {Umbra +Inv Stlth+}
   (You found it on level 2 of the Depths)

   [ring of stealth]

   Umbra:     It surrounds you with an aura of shadow, increasing your stealth
   and reducing the accuracy of all others within it.
   +Inv:      It lets you turn invisible.
   Stlth+:    It makes you more stealthy.
 C - a ring of protection from cold
 F - a ring of fire
 H - the ring of Zorar {Fly Will+ Str+6 Dex-4}
   (You found it on level 4 of the Lair of Beasts)

   [ring of strength]

   Str+6:     It affects your strength (+6).
   Dex-4:     It affects your dexterity (-4).
   Will+:     It increases your willpower.
   Fly:       It grants you flight.
 I - a +6 ring of intelligence
 M - the ring "Fyddoo Leitt" (right hand) {rN+ Str+6 Int+3 Dex+6 SInv}
   (You took it off a merfolk siren on level 4 of the Shoals)

   [ring of dexterity]

   Str+6:     It affects your strength (+6).
   Int+3:     It affects your intelligence (+3).
   Dex+6:     It affects your dexterity (+6).
   rN+:       It protects you from negative energy.
   SInv:      It lets you see invisible.
 T - a +4 ring of protection
 X - the ring "Baasumi" {rElec rPois EV+5 Str+3}
   (You found it on level 4 of the Shoals)

   [ring of evasion]

   EV+5:      It affects your evasion (+5).
   Str+3:     It affects your strength (+3).
   rElec:     It insulates you from electricity.
   rPois:     It protects you from poison
 Z - a ring of wizardry
Talismans
 k - the serpent talisman of Fortitude (active) {rN+ Will++ Dex+3}
   (You took it off Aizul on level 2 of the Snake Pit)

   [serpent talisman]

   Dex+3:     It affects your dexterity (+3).
   rN+:       It protects you from negative energy.
   Will++:    It greatly increases your willpower.
 y - a talisman of death
Wands
 n - a wand of polymorph (6)
 r - a wand of roots (58)
 u - a wand of mindburst (45)
 v - a wand of charming (49)
 x - a wand of light (25)
 E - a wand of flame (83)
 G - a wand of digging (10)
Scrolls
 a - 10 scrolls of immolation
 e - 5 scrolls of silence {!r}
 h - 7 scrolls of fog
 l - 8 scrolls of teleportation {@r2}
 K - 7 scrolls of poison
 L - 4 scrolls of vulnerability
 P - 33 scrolls of identify {@r1}
 Q - 5 scrolls of noise
 S - 7 scrolls of fear
Potions
 d - 3 potions of resistance
 g - 2 potions of magic
 i - 13 potions of enlightenment
 q - 6 potions of brilliance
 s - 5 potions of haste {@q3}
 A - 13 potions of curing {@q1}
 B - 9 potions of might
 D - 8 potions of mutation
 J - 4 potions of cancellation
 N - 8 potions of berserk rage {!q}
 O - 2 potions of invisibility
 R - 3 potions of lignification
Miscellaneous
 o - a phial of floods
 U - a lightning rod (4/4)
 W - a sack of spiders
 Y - a tin of tremorstones (2/2)

Dungeon Overview and Level Annotations

Branches:
Dungeon (15/15)            Temple (1/1) D:5            Lair (5/5) D:10
 Shoals (4/4) Lair:2        Snake (4/4) Lair:3        Slime (0/5) Lair:4
    Orc (2/2) D:12            Elf (3/3) Orc:2        Vaults (5/5) D:13
  Crypt (0/3) Vaults:2     Depths (4/4) D:15            Zot (5/5) Depths:4
  IceCv (visited)

Altars:
Ashenzari
Cheibriados
Dithmenos
Elyvilon
Fedhas
Gozag
Hepliaklqana
Kikubaaqudgha
Makhleb
Nemelex Xobeh
Okawaru
Qazlal
Ru
Sif Muna
Trog
Uskayaw
Vehumet
Wu Jian
Xom
Yredelemnul
Zin
The Shining One
Jiyva

Shops:
D:5 ?   D:10 [   Orc:2 *:?*:   Elf:3 ==:   Snake:1 =*   Vaults:1 [   Vaults:4 *
Depths:3 [

Portals:
Hell: Depths:1 Depths:2 Depths:3 Depths:4
Abyss: Depths:3
Pandemonium: Depths:2
Ziggurat: Depths:4
Trove: D:10 (give 15 scrolls of teleportation)

Annotations:
D:8 2 transporters, exclusion: 4 killer bees
D:10 exclusion: oklob plant
D:13 8 runed translucent doors
D:14 1 runed translucent door, p00ps00p's ghost, journeyman HOFi
Lair:5 2 runed translucent doors
Elf:2 3 runed translucent doors
Depths:2 exclusion: tormentor

#.###.# #.#.#.####..#..#.......
##...## #......................
##.## #.#.#.####..##.#..##...
#.# #......# ##.##..#.#.... #.#
######'####..#.##...... #.#
#...X...#.#.......... #.#
#.8.8.8.#.#####...... #.#
###.......#.#####...### #.#
#)'.8.S.8.'.##......# #
#.#######.#.......#.##.###..###
#.........#.8.8.8.#............
###########.......##.#.###.###.
####'#####.#.# #.# #> #.##
#.#.# #.# #[ #..####.#.# #.# #.
##...##.#.###.###.
###.##.#.#..#....


You could see a large abomination.


Message History

The sixfirhy dies!
Sif Muna accepts your kill.
Your freezing wraith disappears in a puff of smoke!
Your wraith disappears in a puff of smoke!
Magic restored.
There is a stone staircase leading up here.
You climb upwards.
There is a stone staircase leading down here.
Aiming: Dig
Press: ? - help, Shift-Dir - straight line A rock wall.
This square is covered in magical glow.
You feel a surge of power!
The rock shatters into small pieces.
Aiming: Dig
Press: ? - help, Shift-Dir - straight line, f - you Please select a direction to dig.
This square is covered in magical glow.
Okay, then.
Aiming: Dig
Press: ? - help, Shift-Dir - straight line A rock wall.
This square is covered in magical glow.
You feel a surge of power!
The rock shatters into small pieces.
You open the door.
There is an open door here.
A large abomination comes into view.
A large abomination is nearby!
Unknown command.
There is a staircase leading out of the dungeon here.
You have escaped!

Skill      XL: |  1  2  3  4  5  6  7  8  9 10 11 12 13 14 15 16 17 18 19 20 21 22 23 24 25 26 |
---------------+-------------------------------------------------------------------------------+-----
Dodging        | 3 4 5 6 8 10 13 15 17 19 | 19.0
Stealth        | 3 4 5 7 8 9 |  9.0
Fighting       | 1 2 5 6 8 9 10 11 12 13 14 16 18 | 18.0
Spellcasting   | 3 4 5 7 9 10 13 14 15 16 17 18 20 21 22 23 | 23.0
Summonings     | 6 7 8 9 12 13 16 17 18 19 20 22 24 25 | 25.4
Air Magic      | 1 5 8 9 |  9.0
Translocations | 1 2 11 | 11.0
Invocations    | 3 6 8 9 10 11 12 13 14 | 14.0
Fire Magic     | 6 |  6.0
Evocations     | 5 6 |  6.0
Hexes          | 9 10 11 12 | 12.0
Shapeshifting  | 5 10 | 10.0
Necromancy     | 4 11 12 | 12.0
Unarmed Combat | 2 3 |  3.0
Earth Magic    | 6 7 |  7.0

Action                     |  1- 3 |  4- 6 |  7- 9 | 10-12 | 13-15 | 16-18 | 19-21 | 22-24 | 25-27 || total
---------------------------+-------+-------+-------+-------+-------+-------+-------+-------+-------++-------
  Melee: Unarmed           |     7 |    39 |    37 |    42 |    35 |    13 |    37 |    14 |    13 ||   237
         Bite              |       |     4 |     4 |     6 |     5 |       |       |       |       ||    19
         Constrict         |       |       |       |       |       |     3 |    14 |     5 |     4 ||    26
   Cast: Summon Small Mamm |    63 |    39 |    62 |     7 |     2 |       |       |       |       ||   173
         Call Imp          |    25 |    16 |    25 |     3 |       |       |       |       |       ||    69
         Call Canine Famil |     1 |    11 |    30 |     9 |     3 |       |       |       |       ||    54
         Summon Lightning  |       |       |    53 |    57 |    61 |    21 |     9 |     1 |       ||   202
         Summon Blazeheart |       |       |       |    71 |    33 |     9 |       |       |       ||   113
         Blink             |       |       |       |     1 |       |       |    10 |       |     1 ||    12
         Summon Cactus Gia |       |       |       |     3 |   145 |   162 |    17 |       |       ||   327
         Summon Mana Viper |       |       |       |       |    85 |    29 |    11 |       |       ||   125
         Summon Hydra      |       |       |       |       |    96 |   363 |   328 |   107 |     6 ||   900
         Swiftness         |       |       |       |       |     1 |       |     3 |       |       ||     4
         Monstrous Menager |       |       |       |       |     4 |   114 |    57 |    18 |     6 ||   199
         Summon Forest     |       |       |       |       |       |    51 |    32 |       |     2 ||    85
         Tukima's Dance    |       |       |       |       |       |    52 |    11 |       |       ||    63
         Haunt             |       |       |       |       |       |       |   309 |   330 |   166 ||   805
         Borgnjor's Vile C |       |       |       |       |       |       |    19 |    84 |    43 ||   146
         Dragon's Call     |       |       |       |       |       |       |       |    54 |    28 ||    82
         Malign Gateway    |       |       |       |       |       |       |       |       |    33 ||    33
         Passage of Golubr |       |       |       |       |       |       |       |       |    26 ||    26
 Invoke: Channel Magic     |       |       |       |       |     1 |     3 |    19 |    21 |     8 ||    52
  Evoke: Wand              |       |       |       |     7 |     3 |    23 |     2 |       |     4 ||    39
         Lightning rod     |       |       |       |       |     1 |       |       |       |       ||     1
         Phial of floods   |       |       |       |       |       |       |       |     1 |       ||     1
    Use: Scroll            |     3 |       |     8 |     9 |    13 |     3 |    13 |    15 |     5 ||    69
         Potion            |       |     4 |     2 |     5 |     1 |     8 |     4 |    10 |     6 ||    40
   Stab: Distracted        |       |       |     1 |       |       |     1 |       |       |     1 ||     3
         Sleeping          |       |       |       |       |       |       |     3 |       |       ||     3
         Invisible         |       |       |       |       |       |       |       |     1 |       ||     1
         Confused          |       |       |       |       |       |       |       |       |     1 ||     1
 Armour: Skin              |     2 |    14 |    37 |    71 |    81 |   231 |   213 |   179 |    82 ||   910
  Dodge: Dodged            |    13 |    55 |    66 |   117 |   151 |   214 |   188 |   171 |   109 ||  1084
   Form: Serpent           |       |       |       |       |       |     1 |       |       |       ||     1

Levels and vault maps discovered:
D:1:      doesnt_arrival_eight_statues, layout_loops_ring
D:2:      layout_basic
D:3:      layout_loops_corners, mainiacjoe_overflow_surrounded_room,
          serial_shops, nicolae_shop_scrapyard
D:4:      layout_loops_corners, uniq_eustachio
D:5:      layout_rooms, zin_purify, slow_altar_1, makhleb_grotto_becter,
          minmay_temple_entry_waves, serial_shops, nicolae_shop_tiny_waterfront,
          minmay_misc_feat_room, hangedman_decor_clover_reticule,
          hangedman_decor_push, minmay_between, uniq_sigmund, uniq_blork_the_orc
D:6:      layout_gridville, nzn_wu_jian_council_hall, okawaru_metal_pillars_1_2,
          uniq_grinder, uniq_pikel
D:7:      layout_cave_pools, mainiacjoe_overflow_big_doors, corexii_checkpoint
D:8:      gammafunk_boulding_lane, layout_basic, nicolae_uskayaw_suspiria,
          minmay_manual_mandibuliform, uniq_erica
D:9:      minmay_spotlight, layout_irregular_city, uniq_joseph, uniq_maggie
D:10:     layout_loops_cross, david_lair_shrubbed,
          nicolae_trove_entry_path_of_doom, serial_shops, kennysheep_mini,
          serial_library_hellmonk_narrow_alcove, nrook_mini_vaults,
          disabler_island
D:11:     layout_roguey, minmay_misc_feat_cross, uniq_psyche, uniq_erolcha
D:12:     layout_long_grid, orc_0_dummy, gauntlet_entry_generic
D:13:     minmay_five_octagons, layout_rooms, grunt_vaults_entry_tiered,
          serial_curves, eino_curves_01, eino_curves_01,
          kennysheep_generic_room_14
D:14:     layout_long_grid, dk_noncrumbling_4, ebering_ghost_xom, serial_undead,
          serial_undead_a, serial_undead_e, serial_undead_f, serial_undead_b
D:15:     grunt_enter_depths_hoard, layout_basic, vehumet_crystals
Temple:   dshaligram_water_room_temple
Lair:1:   layout_long_grid, basic_altar, grunt_megastairs_5, uniq_grum
Lair:2:   layout_gridlike, minmay_shoals_entry_lonely_mermaid
Lair:3:   layout_chaotic_city, nicolae_snake_entry_squirm
Lair:4:   layout_regular_city, slime_entry_1, nicolae_quartered_pool_impasse,
          grunt_megastairs_2
Lair:5:   cheibrodos_lair_end_hotspot, layout_long_grid, minivault_26
Shoals:1: cheibrodos_shoals_satyrical_garden, layout_shoals, uniq_frances
Shoals:2: layout_shoals, nicolae_shoals_elemental_ambush
Shoals:3: layout_shoals, serial_shops, bzr_in_the_mist
Shoals:4: shoals_end_hellmonk_lost_city
Snake:1:  layout_onion, dpeg_stationary_puzzle, minmay_shoptagon
Snake:2:  nicolae_snake_attic_fulla_snakes, layout_misc_corridors, uniq_donald,
          uniq_aizul
Snake:3:  layout_rooms, portal_ice_cave_entry_ice_statue_one,
          nicolae_snake_gridmaze_swirls, minmay_snake_pond
Snake:4:  minmay_snake_end_coiled, layout_misc_corridors
Orc:1:    layout_caves, regret_index_xom_of_box
Orc:2:    st_orc_open, layout_caves, nicolae_shop_overcharged_wands
Elf:1:    minmay_elf_arrival_plus, layout_gridlike, minmay_elf_annihilation
Elf:2:    nicolae_elf_blades_crystal_corner, layout_loops_corners,
          einodemon_crawler_minivault
Elf:3:    minmay_elf_hall_quartered_circle, layout_rooms, minmay_shop_grove
Vaults:1: nicolae_vaults_two_Ls, nicolae_vaults_oval_intersection,
          nicolae_vaults_little_squares_2, ontoclasm_vaults_gateway, v_misc_28,
          vaults_dpeg_doors, nicolae_vaults_alarming, layout_vaults_omnigrid,
          serial_shops, nicolae_shop_waterfront
Vaults:2: minmay_crypt_entry_necro_gods, nicolae_vaults_offset_grid_hallway_1,
          nicolae_vaults_tetromino_L_2, vaults_room_fours,
          vaults_room_ringed_pool, kennysheep_ogre_elephant_herders, v_misc_33,
          nicolae_vaults_little_squares_1, hangedman_vaults_snaps, v_misc_16,
          vaults_mumra_minichess, vaults_room_hallway,
          nicolae_vaults_bisected_slash, vaults_room_semicircle,
          layout_vaults_omnibox, uniq_frederick, uniq_asterion
Vaults:3: nicolae_vaults_network_square, v_misc_2, hangedman_vaults_hat,
          nicolae_vaults_sightless_eye, nicolae_vaults_tetromino_L_1,
          nicolae_vaults_circle_grid_a, vaults_room_fours, st_hourglassy,
          nicolae_vaults_cochlea, nicolae_vaults_trapezoid_layered,
          minmay_orc_keep, layout_vaults_ring
Vaults:4: mu_enter_wizlab_4, nicolae_vaults_network_s, v_misc_16,
          nicolae_vaults_mini_display_case, nicolae_vaults_network_star,
          vaults_room_hallway, v_pattern_5, grunt_vaults_swirl, v_misc_2,
          nicolae_vaults_shipping_containers_3, nicolae_vaults_theta,
          nicolae_vaults_tetromino_Z_1, layout_vaults_big_cross, serial_shops,
          nicolae_shop_tiny_glass
Vaults:5
Depths:1: layout_cave_shapes, hell_entry, hangedman_cracks_in_the_wall,
          uniq_enchantress, uniq_nikola
Depths:2: regret_index_dithmenos_brocken_genspenst, layout_gridville,
          hell_entry, nemelex_spade_bored_becter, grunt_pan_entry_zigzag
Depths:3: minmay_open_boxes_in_corner, layout_gridlike, pf_dread_powers_of_hell,
          minmay_misc_feat_hallway, abyss_entry_crystal,
          nicolae_concentric_dashed_squares_wild, minmay_shop_star, uniq_grunn,
          uniq_boris, uniq_sojobo
Depths:4: evilmike_zot_entry_gauntlet, layout_basic, enter_ziggurat_f,
          hellmouth_1, uniq_xtahua
Zot:1:    layout_misc_corridors, regret_index_zotdec_silver_v_v_loose, uniq_vv
Zot:2:    layout_gridlike, skrybe_zot_glass_2, uniq_josephina
Zot:3:    layout_cellular_growth, evilmike_ambush [evilmike_ambush_outer_basic,
          evilmike_ambush_inner_basic]
Zot:4:    layout_onion_interference, skrybe_zot_glass_3,
          regret_index_zotdec_bone_old, hellmonk_body_bag
Zot:5:    layout_twisted_circle

Notes
Turn   | Place    | Note
-------+----------+-------------------------------------------
     0 | D:1      | Drazool the Felid Summoner began the quest for the Orb.
     0 | D:1      | Reached XP level 1. HP: 9/9 MP: 4/4
    83 | D:1      | Reached skill level 3 in Dodging
    83 | D:1      | Reached skill level 3 in Stealth
   206 | D:1      | Reached skill level 1 in Fighting
   231 | D:1      | Reached XP level 2. HP: 14/14 MP: 3/6
   234 | D:1      | Learned a level 2 spell: Call Imp
  1120 | D:2      | Reached XP level 3. HP: 18/18 MP: 2/8
  1175 | D:2      | Learned a level 3 spell: Call Canine Familiar
  1249 | D:2      | Reached skill level 3 in Spellcasting
  2348 | D:3      | Found Uttegrat's Weapon Boutique.
  2579 | D:3      | Identified the ring "Anliz" {*Slow Will+ AC+4 Dex+3}
  3023 | D:3      | Reached XP level 4. HP: 22/22 MP: 4/9
  3023 | D:3      | Gained a life (2 lives remaining)
  3383 | D:3      | Found a bloodstained altar of Trog.
  3565 | D:4      | Noticed a scorpion
  3584 | D:4      | Reached skill level 5 in Summonings
  3774 | D:4      | Killed a scorpion
  3775 | D:4      | Reached skill level 6 in Summonings
  3775 | D:4      | Reached XP level 5. HP: 16/25 MP: 7/10
  4108 | D:4      | Noticed Eustachio
  4241 | D:4      | Killed Eustachio
  4242 | D:4      | Reached skill level 2 in Fighting
  4242 | D:4      | Reached skill level 4 in Dodging
  4242 | D:4      | Reached skill level 4 in Stealth
  4242 | D:4      | Gained mutation: You are covered in thick fur. (AC +2)
                  | [Felid growth]
  4242 | D:4      | Reached XP level 6. HP: 30/30 MP: 3/12
  4807 | D:4      | Reached skill level 4 in Spellcasting
  4812 | D:4      | Learned a level 4 spell: Summon Lightning Spire
  4956 | D:4      | Reached skill level 1 in Air Magic
  4956 | D:4      | Reached XP level 7. HP: 35/35 MP: 10/14
  5391 | D:5      | Entered Level 5 of the Dungeon
  5409 | D:5      | Noticed Blork the orc
  5483 | D:5      | Found Tudu's Magic Scroll Boutique.
  5502 | D:4      | Reached skill level 2 in Air Magic
  5605 | D:5      | Found Zin's Purification Station.
  5609 | D:5      | Found a glowing silver altar of Zin.
  5670 | D:5      | Killed from afar by an orc wizard
  5670 | D:5      | Lost a life (1 life remaining)
  5860 | D:6      | Reached skill level 3 in Air Magic
  5933 | D:6      | HP: 2/35 [water moccasin (5)]
  5934 | D:6      | Slain by a water moccasin
  5934 | D:6      | Lost a life (0 lives remaining)
  6019 | D:6      | Found an iron altar of Okawaru.
  6250 | D:6      | Reached skill level 4 in Air Magic
  6396 | D:6      | Reached skill level 5 in Air Magic
  6396 | D:6      | Reached XP level 8. HP: 39/39 MP: 7/15
  6396 | D:6      | Gained a life (1 life remaining)
  6621 | D:6      | Found an ornate altar of the Wu Jian Council.
  6621 | D:6      | Noticed Grinder
  6640 | D:6      | Killed Grinder
  6641 | D:6      | Reached skill level 6 in Air Magic
  6775 | D:6      | Noticed Pikel
  6823 | D:6      | Killed Pikel
  6824 | D:6      | Reached skill level 8 in Air Magic
  7114 | D:6      | Learned a level 2 spell: Blink
  7360 | D:5      | Found a staircase to the Ecumenical Temple.
  7368 | D:5      | Reached skill level 1 in Translocations
  7442 | Temple   | Entered the Ecumenical Temple
  7451 | Temple   | Became a worshipper of Sif Muna the Loreminder
  7482 | D:5      | Reached skill level 5 in Dodging
  7484 | D:5      | Reached XP level 9. HP: 42/42 MP: 8/16
  7496 | D:5      | Reached skill level 2 in Translocations
  7526 | D:5      | Killed Blork the orc
  7527 | D:5      | Reached skill level 6 in Dodging
  7527 | D:5      | Reached skill level 1 in Invocations
  7529 | D:5      | Noticed Sigmund
  7690 | D:5      | Reached skill level 2 in Invocations
  7874 | D:5      | Killed Sigmund
  7875 | D:5      | Reached skill level 3 in Invocations
  7901 | D:5      | Learned a level 4 spell: Summon Blazeheart Golem
  8072 | D:5      | Reached skill level 1 in Fire Magic
  8393 | D:5      | Reached skill level 2 in Fire Magic
  8465 | D:5      | Found a snail-covered altar of Cheibriados.
  8871 | D:5      | Reached skill level 3 in Fire Magic
  8988 | D:5      | Reached * piety under Sif Muna
  9131 | D:5      | Reached skill level 7 in Summonings
  9237 | D:5      | Reached skill level 4 in Fire Magic
  9354 | D:5      | Found a burning altar of Makhleb.
  9410 | D:5      | Bought a scroll of fog for 60 gold pieces
  9410 | D:5      | Bought a scroll of identify for 30 gold pieces
  9410 | D:5      | Bought a scroll of teleportation for 45 gold pieces
  9410 | D:5      | Bought a scroll of noise for 15 gold pieces
  9410 | D:5      | Bought a scroll of identify for 30 gold pieces
  9842 | D:7      | Reached skill level 5 in Fire Magic
  9946 | D:7      | Found a sacrificial altar of Ru.
 10191 | D:7      | Found a stormy altar of Qazlal.
 10772 | D:8      | Identified the amulet "Zattyxiu" {RegenMP rElec rCorr MP+9
                  | Int-4}
 10806 | D:8      | Noticed a cyclops
 10818 | D:8      | Killed a cyclops
 10819 | D:8      | Reached skill level 6 in Fire Magic
 10819 | D:8      | Reached XP level 10. HP: 46/46 MP: 17/17
 10819 | D:8      | Gained a life (2 lives remaining)
 10825 | D:8      | Noticed a gargoyle
 10965 | D:8      | Noticed Erica
 10977 | D:8      | Killed Erica
 11061 | D:8      | Reached skill level 5 in Spellcasting
 11175 | D:8      | Reached skill level 8 in Summonings
 11180 | D:8      | Killed a gargoyle
 11181 | D:8      | Reached skill level 3 in Fighting
 11256 | D:8      | Found a transporter.
 11256 | D:8      | Noticed a boulder beetle
 11257 | D:8      | Found a transporter.
 11282 | D:8      | Reached ** piety under Sif Muna
 11521 | D:8      | Learned a level 3 spell: Swiftness
 11595 | D:8      | Found a hide-covered altar of Uskayaw.
 11907 | D:9      | Reached skill level 4 in Fighting
 11985 | D:9      | Noticed Joseph
 11996 | D:9      | Killed Joseph
 11997 | D:9      | Reached skill level 5 in Fighting
 12127 | D:9      | Reached skill level 7 in Dodging
 12134 | D:9      | Noticed Maggie
 12135 | D:9      | Reached skill level 4 in Invocations
 12145 | D:9      | Reached skill level 8 in Dodging
 12154 | D:9      | Killed Maggie
 12155 | D:9      | Reached skill level 5 in Invocations
 12281 | D:9      | Reached skill level 6 in Invocations
 12281 | D:9      | Reached XP level 11. HP: 26/55 MP: 19/19
 12479 | D:9      | Reached skill level 7 in Invocations
 12857 | D:10     | Entered Level 10 of the Dungeon
 12903 | D:10     | Noticed an oklob plant
 12964 | D:10     | HP: 4/55 [wyvern (19)]
 13097 | D:10     | Noticed a deep elf pyromancer
 13122 | D:10     | Killed a deep elf pyromancer
 13123 | D:10     | Reached skill level 8 in Invocations
 13178 | D:10     | Found a shimmering blue altar of Sif Muna.
 13285 | D:10     | Found Jycousm's Antique Armour Boutique.
 13307 | D:10     | Found a staircase to the Lair.
 13338 | D:10     | Reached *** piety under Sif Muna
 13430 | D:10     | Reached skill level 6 in Fighting
 13572 | D:10     | Reached skill level 1 in Evocations
 13764 | D:10     | Found a portal to a secret trove of treasure.
 13777 | D:10     | Reached skill level 2 in Evocations
 14000 | D:10     | Reached skill level 3 in Evocations
 14023 | Lair:1   | Entered Level 1 of the Lair of Beasts
 14082 | Lair:1   | Reached skill level 4 in Evocations
 14191 | Lair:1   | Found a bloodstained altar of Trog.
 14369 | Lair:1   | Noticed Grum
 14386 | Lair:1   | Noticed a catoblepas
 14389 | Lair:1   | Reached skill level 5 in Evocations
 14611 | Lair:1   | Killed a catoblepas
 14868 | Lair:1   | Got Enytuvve's Octavo of the Well-Done Geodesic
 15204 | Lair:2   | Reached skill level 9 in Summonings
 15475 | Lair:2   | Found a staircase to the Shoals.
 15502 | Lair:2   | Gained mutation: Your thick and shaggy fur keeps you warm.
                  | (AC +3, rC+) [Felid growth]
 15502 | Lair:2   | Reached XP level 12. HP: 62/62 MP: 21/21
 15617 | Lair:2   | Reached skill level 6 in Spellcasting
 15634 | Lair:2   | Reached **** piety under Sif Muna
 15984 | Lair:2   | Reached skill level 7 in Fighting
 16168 | Lair:2   | Reached skill level 10 in Summonings
 17021 | Lair:3   | You fall into a shaft and drop 1 floor!
 17022 | Lair:4   | Identified a scroll of acquirement
 17023 | Lair:4   | Acquired the ring of Dileotheu {rN+ Will+ rCorr Slay+4}
 17210 | Lair:4   | Reached skill level 7 in Spellcasting
 17210 | Lair:4   | Reached skill level 11 in Summonings
 17228 | Lair:4   | Reached skill level 8 in Fighting
 17462 | Lair:4   | Learned a level 6 spell: Summon Cactus Giant
 17564 | Lair:4   | Noticed an eight-headed hydra
 17568 | Lair:4   | Killed an eight-headed hydra
 17635 | Lair:4   | Found a staircase to the Slime Pits.
 17636 | Lair:4   | Found a viscous altar of Jiyva.
 17640 | Lair:4   | Reached skill level 12 in Summonings
 17640 | Lair:4   | Reached XP level 13. HP: 69/69 MP: 25/25
 17699 | Lair:4   | Identified the ring of Zorar {Fly Will+ Str+6 Dex-4}
 17813 | Lair:4   | Reached skill level 9 in Fighting
 17826 | Lair:4   | Reached skill level 8 in Spellcasting
 17884 | Lair:4   | Reached ***** piety under Sif Muna
 18615 | Lair:3   | Found a staircase to the Snake Pit.
 18658 | Lair:3   | Received a gift from Sif Muna
 18659 | Lair:3   | Got Sif Muna's Compendium of the Assistive Wayfarer {god
                  | gift}
 18675 | Lair:3   | Reached skill level 9 in Spellcasting
 18789 | Lair:3   | Learned a level 5 spell: Summon Mana Viper
 19109 | Lair:5   | Entered Level 5 of the Lair of Beasts
 19227 | Lair:5   | Reached skill level 2 in Hexes
 19238 | Lair:5   | Reached skill level 3 in Hexes
 19249 | Lair:4   | Reached skill level 4 in Hexes
 19338 | Lair:5   | Reached skill level 5 in Hexes
 19367 | Lair:5   | Reached skill level 6 in Hexes
 19494 | Lair:5   | Reached skill level 7 in Hexes
 19559 | Lair:5   | HP: 6/70 [lindwurm/blast of flame (33)]
 19561 | Lair:5   | Reached skill level 8 in Hexes
 19841 | Lair:5   | Reached skill level 9 in Hexes
 20065 | Lair:5   | Found a large runed translucent door.
 20065 | Lair:5   | Found a large runed translucent door.
 20478 | Lair:5   | Reached skill level 13 in Summonings
 20818 | Lair:5   | Reached XP level 14. HP: 75/75 MP: 28/28
 20887 | Lair:5   | Reached skill level 14 in Summonings
 21648 | Lair:1   | Killed Grum
 21974 | D:11     | Reached skill level 15 in Summonings
 22425 | D:11     | Noticed Psyche
 22425 | D:11     | Noticed Erolcha
 22439 | D:11     | Killed Psyche
 22469 | D:11     | Killed Erolcha
 22635 | D:12     | Received a gift from Sif Muna
 22816 | D:12     | Found a staircase to the Orcish Mines.
 22818 | D:12     | Found a gate leading to a gauntlet.
 22837 | Orc:1    | Entered Level 1 of the Orcish Mines
 23349 | Orc:1    | Learned a level 7 spell: Summon Hydra
 23575 | Orc:1    | Found a shimmering altar of Xom.
 23641 | Orc:2    | Entered Level 2 of the Orcish Mines
 23726 | Orc:2    | Found a staircase to the Elven Halls.
 24322 | Orc:2    | Reached skill level 10 in Spellcasting
 24356 | Orc:2    | Reached skill level 16 in Summonings
 24432 | Orc:2    | Reached skill level 10 in Fighting
 24549 | Orc:2    | Noticed an orc warlord
 24567 | Orc:2    | Killed an orc warlord
 24758 | Orc:2    | Reached XP level 15. HP: 81/81 MP: 30/30
 24825 | Orc:2    | Received a gift from Sif Muna
 24826 | Orc:2    | Got Urunk's Notes on Lofty Fascination {god gift}
 24862 | Orc:2    | Reached skill level 11 in Fighting
 24910 | Orc:2    | Found Cedac's Book Emporium.
 24924 | Orc:2    | Found Metecig's General Store.
 24926 | Orc:2    | Found Nical's Magic Scroll Boutique.
 24992 | Orc:2    | Bought a potion of curing for 45 gold pieces
 24992 | Orc:2    | Bought a potion of resistance for 150 gold pieces
 24992 | Orc:2    | Bought a scroll of identify for 30 gold pieces
 24995 | Orc:2    | Found Fohiupn's Book Emporium.
 24999 | Orc:2    | Bought a scroll of enchant armour for 120 gold pieces
 24999 | Orc:2    | Bought a scroll of identify for 32 gold pieces
 25291 | Orc:2    | Found Rinn's Overcharged Wands.
 26133 | D:13     | Reached skill level 11 in Spellcasting
 26535 | D:13     | Reached skill level 12 in Spellcasting
 26543 | D:13     | Reached skill level 9 in Dodging
 26592 | D:13     | Reached skill level 10 in Dodging
 26736 | D:13     | Found a gate to the Vaults.
 26908 | D:13     | Found a large runed translucent door.
 26910 | D:13     | Found a large runed translucent door.
 26910 | D:13     | Noticed a frost giant
 26912 | D:13     | Noticed a frost giant
 26917 | D:13     | Found a large runed translucent door.
 26918 | D:13     | Found a large runed translucent door.
 27261 | D:13     | Found a large runed translucent door.
 27323 | D:13     | Reached skill level 9 in Invocations
 27409 | D:13     | Found a large runed translucent door.
 27410 | D:13     | Found a large runed translucent door.
 27445 | D:13     | Found a large runed translucent door.
 28019 | D:14     | Reached skill level 10 in Hexes
 28552 | D:14     | Found a runed translucent door.
 28552 | D:14     | Found a shimmering altar of Xom.
 28552 | D:14     | Noticed p00ps00p's ghost (journeyman HOFi)
 28713 | D:15     | Entered Level 15 of the Dungeon
 29055 | D:15     | Found a radiant altar of Vehumet.
 29126 | D:15     | Reached skill level 13 in Spellcasting
 29245 | D:15     | Learned a level 7 spell: Monstrous Menagerie
 29362 | D:15     | Received a gift from Sif Muna
 29363 | D:15     | Got Gaffaf's Tome of Assaults and the Curse {god gift}
 29426 | D:15     | Found a staircase to the Depths.
 29504 | D:15     | Reached XP level 16. HP: 87/87 MP: 7/34
 30000 | Snake:1  | Entered Level 1 of the Snake Pit
 30407 | Snake:1  | Reached skill level 14 in Spellcasting
 30697 | Snake:1  | HP: 6/87 [naga sharpshooter/arrow (18)]
 31442 | Snake:1  | Found Ohioxt's General Store.
 31444 | Snake:1  | Found Vaselam's Jewellery Emporium.
 31446 | Snake:1  | Bought a potion of heal wounds for 90 gold pieces
 31446 | Snake:1  | Bought a potion of ambrosia for 144 gold pieces
 32741 | D:5      | Bought a potion of curing for 90 gold pieces
 32970 | Snake:2  | Noticed Donald
 32979 | Snake:2  | Killed Donald
 33130 | Snake:2  | You are sucked into a shaft and drop 1 floor!
 33143 | Snake:3  | Reached skill level 17 in Summonings
 33295 | Snake:3  | Found a glacial archway.
 33347 | IceCv    | Entered an ice cave
 33360 | IceCv    | HP: 8/87 [caustic shrike simulacrum (5)]
 33360 | IceCv    | Mangled by a caustic shrike simulacrum
 33360 | IceCv    | Lost a life (1 life remaining)
 33648 | Snake:2  | Identified the serpent talisman of Fortitude {rN+ Will++
                  | Dex+3}
 33648 | Snake:2  | Noticed Aizul
 33781 | Snake:2  | Killed Aizul
 33789 | Snake:1  | HP: 8/87 [poisoned by Aizul (bolt of poison)]
 34083 | Snake:2  | Reached skill level 1 in Shapeshifting
 34134 | Snake:2  | Reached skill level 2 in Shapeshifting
 34145 | Snake:2  | Received a gift from Sif Muna
 34146 | Snake:2  | Got Sif Muna's Volume of Formation {god gift}
 34191 | Snake:2  | Learned a level 5 spell: Summon Forest
 34242 | Snake:2  | Reached skill level 3 in Shapeshifting
 34994 | Snake:3  | Reached skill level 4 in Shapeshifting
 35003 | Snake:3  | Reached skill level 5 in Shapeshifting
 35423 | Snake:3  | Reached XP level 17. HP: 91/91 MP: 24/36
 35423 | Snake:3  | Gained a life (2 lives remaining)
 35548 | Snake:3  | Reached skill level 6 in Shapeshifting
 35696 | Snake:4  | Entered Level 4 of the Snake Pit
 36173 | Snake:4  | Reached skill level 11 in Dodging
 36318 | Snake:4  | Reached skill level 7 in Shapeshifting
 37048 | Snake:4  | Received a gift from Sif Muna
 37049 | Snake:4  | Got Sif Muna's Tome of Overhead Formulae {god gift}
 37091 | Snake:4  | Reached skill level 12 in Dodging
 37551 | Snake:4  | Reached skill level 8 in Shapeshifting
 37562 | Snake:4  | HP: 9/91 [poisoned by a naga ritualist (toxic radiance)]
 37578 | Snake:4  | Shot with an arrow by a naga sharpshooter
 37578 | Snake:4  | Lost a life (1 life remaining)
 37672 | Snake:4  | Reached skill level 13 in Dodging
 38012 | Shoals:1 | Entered Level 1 of the Shoals
 39040 | Shoals:1 | Reached skill level 9 in Shapeshifting
 39479 | Shoals:1 | Noticed a kraken
 39650 | Shoals:1 | Noticed Frances
 39669 | Shoals:1 | Killed Frances
 39976 | Shoals:1 | Killed a kraken
 39977 | Shoals:1 | Reached skill level 10 in Shapeshifting
 41651 | Snake:4  | Reached skill level 12 in Fighting
 41780 | Snake:4  | Reached skill level 18 in Summonings
 42115 | Snake:4  | Reached skill level 11 in Hexes
 42181 | Snake:4  | Reached XP level 18. HP: 98/98 MP: 29/37
 42181 | Snake:4  | Gained a life (2 lives remaining)
 42288 | Snake:4  | Reached skill level 14 in Dodging
 42374 | Snake:4  | Reached skill level 5 in Stealth
 42472 | Snake:4  | Got a serpentine rune of Zot
 42853 | Shoals:2 | Received a gift from Sif Muna
 42860 | Shoals:2 | Got Sif Muna's Compendium of Cursed Ouranomancy {god gift}
 43859 | Shoals:2 | Reached skill level 10 in Invocations
 44652 | Shoals:2 | Learned a level 3 spell: Tukima's Dance
 45008 | Shoals:3 | Reached skill level 15 in Spellcasting
 45311 | Shoals:3 | Reached skill level 12 in Hexes
 45685 | Shoals:3 | Found a gateway to a bazaar.
 45834 | Bazaar   | Entered a bazaar
 45834 | Bazaar   | Found Kaaraer's Antique Armour Shoppe.
 45840 | Bazaar   | Found Reaqon's Assorted Antiques.
 45848 | Bazaar   | Bought a scroll of revelation for 165 gold pieces
 45848 | Bazaar   | Bought a potion of haste for 220 gold pieces
 45864 | Bazaar   | Found Petibb's Jewellery Shoppe.
 45871 | Bazaar   | Found Ulovegum's Jewellery Shoppe.
 45879 | Bazaar   | Bought a talisman of death for 640 gold pieces
 46263 | Shoals:4 | Entered Level 4 of the Shoals
 47183 | Shoals:4 | Received a gift from Sif Muna
 47185 | Shoals:4 | Got Sif Muna's Precepts of Kinetic Energy {god gift}
 47454 | Shoals:4 | Reached skill level 19 in Summonings
 48001 | Orc:2    | Bought a Necronomicon for 756 gold pieces
 48364 | Shoals:4 | Reached skill level 1 in Necromancy
 48475 | Shoals:4 | Reached skill level 15 in Dodging
 48527 | Shoals:4 | Identified the ring "Fyddoo Leitt" {rN+ Str+6 Int+3 Dex+6
                  | SInv}
 48583 | Shoals:4 | Shot with an arrow by a satyr
 48583 | Shoals:4 | Lost a life (1 life remaining)
 48595 | Shoals:4 | Reached skill level 2 in Necromancy
 48883 | Shoals:4 | Reached skill level 3 in Necromancy
 49010 | Shoals:4 | Got a barnacled rune of Zot
 49089 | Shoals:4 | Identified the ring "Baasumi" {rElec rPois EV+5 Str+3}
 49542 | Elf:1    | Entered Level 1 of the Elven Halls
 49678 | Vaults:1 | Entered Level 1 of the Vaults
 49763 | Vaults:1 | Reached skill level 4 in Necromancy
 49764 | Vaults:1 | Reached XP level 19. HP: 102/102 MP: 38/39
 49764 | Vaults:1 | Gained a life (2 lives remaining)
 49845 | Vaults:1 | Reached skill level 5 in Necromancy
 50438 | Vaults:1 | Reached skill level 6 in Necromancy
 50751 | Vaults:1 | Found Qethasou's Armour Shoppe.
 50788 | Vaults:1 | Reached skill level 7 in Necromancy
 50841 | Vaults:1 | Learned a level 7 spell: Haunt
 51007 | Vaults:1 | You are sucked into a shaft and drop 1 floor!
 51117 | Vaults:2 | Identified the orb of the Heron {*channel, rElec rF+
                  | Slay-5}
 51117 | Vaults:2 | Noticed Frederick
 51130 | Vaults:2 | Killed Frederick
 51131 | Vaults:2 | Reached skill level 8 in Necromancy
 51145 | Vaults:2 | Received a gift from Sif Muna
 51146 | Vaults:2 | Got Sif Muna's Octavo of Debased Arts {god gift}
 51268 | Vaults:1 | Reached skill level 9 in Necromancy
 51681 | Vaults:1 | Reached skill level 10 in Necromancy
 52436 | Vaults:2 | Found a staircase to the Crypt.
 52436 | Vaults:2 | Found an ancient bone altar of Kikubaaqudgha.
 52436 | Vaults:2 | Found a basalt altar of Yredelemnul.
 52808 | Vaults:2 | Reached skill level 11 in Necromancy
 52818 | Vaults:2 | Reached skill level 6 in Stealth
 52822 | Vaults:2 | Reached skill level 7 in Stealth
 53014 | Vaults:2 | Reached skill level 16 in Dodging
 53327 | Vaults:2 | Noticed Asterion
 53342 | Vaults:2 | Killed Asterion
 53685 | Vaults:3 | Received a gift from Sif Muna
 53686 | Vaults:3 | Got Sif Muna's Treatise on Rotting Execration {god gift}
 53855 | Vaults:3 | Reached skill level 17 in Dodging
 54083 | Vaults:3 | Reached skill level 13 in Fighting
 54809 | Vaults:3 | Reached XP level 20. HP: 109/109 MP: 40/40
 55618 | Vaults:3 | Reached skill level 16 in Spellcasting
 56021 | Vaults:4 | Received a gift from Sif Muna
 56433 | Vaults:4 | Found a magical portal.
 56654 | Vaults:4 | Reached skill level 20 in Summonings
 56668 | Vaults:4 | Reached skill level 8 in Stealth
 56912 | Vaults:4 | Reached skill level 6 in Evocations
 56922 | Vaults:4 | Reached skill level 1 in Unarmed Combat
 57000 | Vaults:4 | Reached skill level 2 in Unarmed Combat
 57006 | Vaults:4 | Learned a level 5 spell: Borgnjor's Vile Clutch
 57020 | Vaults:4 | Found Feloq's Assorted Antiques.
 57029 | Vaults:4 | Bought a wand of light (5) for 630 gold pieces
 57029 | Vaults:4 | Bought a potion of heal wounds for 150 gold pieces
 57139 | Vaults:4 | Reached skill level 1 in Earth Magic
 57278 | Vaults:4 | Noticed a golden dragon
 57321 | Vaults:4 | Killed a golden dragon
 57322 | Vaults:4 | Reached skill level 2 in Earth Magic
 57552 | Vaults:4 | Reached skill level 3 in Earth Magic
 58256 | Depths:1 | Entered Level 1 of the Depths
 58260 | Depths:1 | Noticed Nikola
 58270 | D:15     | Received a gift from Sif Muna
 58272 | D:15     | Got Sif Muna's Parchment of the Flamy Missiles {god gift}
 58273 | D:15     | Reached skill level 4 in Earth Magic
 58487 | D:15     | Killed Nikola
 59321 | D:15     | HP: 11/130 [fire giant/bolt of fire (41)]
 59326 | D:15     | Killed from afar by a fire giant
 59326 | D:15     | Lost a life (1 life remaining)
 59467 | D:15     | Reached skill level 5 in Earth Magic
 60180 | Depths:1 | Upgraded the game from 0.32-a0-20-ge526923d97 to
                  | 0.32-a0-22-g6ae6769602
 60318 | Depths:1 | Noticed the Enchantress
 60344 | Depths:1 | Reached skill level 6 in Earth Magic
 60416 | D:15     | HP: 13/130 [spriggan defender/+4 antimagic lajatang[the
                  | Enchantress] (30)]
 60676 | D:15     | You are cast into the Abyss!
 60676 | Abyss:4  | Cast into level 4 of the Abyss (the Enchantress)
 60713 | Abyss:4  | Reached XP level 21. HP: 32/113 MP: 40/42
 60872 | Abyss:4  | Reached skill level 7 in Earth Magic
 61181 | D:15     | You pass through the gate.
 61181 | D:15     | Escaped the Abyss
 61379 | D:15     | Killed the Enchantress
 61617 | Depths:1 | Found a gateway to Hell.
 62184 | Elf:1    | Received a gift from Sif Muna
 62185 | Elf:1    | Got Igous's Incunabulum of Dynamic Toxicology {god gift}
 62661 | Elf:1    | Got the Information on Force
 63088 | Elf:2    | Reached skill level 21 in Summonings
 63925 | Elf:2    | Found a runed translucent gate.
 63926 | Elf:2    | Found a runed translucent gate.
 63926 | Elf:2    | Found a runed translucent gate.
 64244 | Elf:3    | Entered Level 3 of the Elven Halls
 64648 | Elf:3    | Identified the amulet "Buula" {Reflect rN+ rCorr SH+5}
 64795 | Elf:3    | Found Ymi Xuwn's Book Shoppe.
 64795 | Elf:3    | Found Duitaj's Jewellery Boutique.
 64796 | Elf:3    | Found Vunea's Jewellery Boutique.
 64806 | Elf:3    | Bought a +6 ring of intelligence for 504 gold pieces
 65143 | Elf:3    | Reached skill level 17 in Spellcasting
 65491 | Elf:3    | Identified the +2 broad axe "Bisokoed" {protect, Str+3
                  | Int+2}
 65491 | Elf:3    | Identified the +5 chain mail "Wazanyne" {rElec Stlth+}
 66548 | Elf:3    | Identified the staff "Gram" {rF- rCorr Necro Earth}
 66573 | Elf:3    | Identified the +7 orcbow of the Squeaky God {drain, rPois
                  | rC- Dex+8 Stlth+}
 67567 | Depths:1 | Reached skill level 22 in Summonings
 67796 | Depths:1 | Identified the ring "Sarejinu" {Will+ Int+2}
 68223 | Depths:2 | Reached skill level 11 in Invocations
 68511 | Depths:2 | Received a gift from Sif Muna
 68512 | Depths:2 | Got Sif Muna's Grimoire of the Cicada {god gift}
 68562 | Depths:2 | Reached XP level 22. HP: 118/118 MP: 15/44
 68562 | Depths:2 | Gained a life (2 lives remaining)
 69121 | Depths:2 | HP: 11/141 [deep troll earth mage (19)]
 69121 | Depths:2 | HP: 2/141 [deep troll earth mage (9)]
 69986 | Depths:2 | Found a sparkling altar of Nemelex Xobeh.
 70511 | Orc:2    | Bought a scroll of teleportation for 48 gold pieces
 70511 | Orc:2    | Bought a scroll of teleportation for 48 gold pieces
 70763 | Depths:2 | Found a one-way gate leading to the halls of Pandemonium.
 70840 | Depths:2 | Hit by a large rock thrown by a stone giant
 70840 | Depths:2 | Lost a life (1 life remaining)
 71247 | Depths:2 | Found the +5 robe of Night {Dark Will+ SInv}
 71248 | Depths:2 | Found the ring of Shadows {Umbra +Inv Stlth+}
 71318 | Depths:2 | Found a shadowy altar of Dithmenos.
 71533 | Depths:3 | Reached skill level 23 in Summonings
 71580 | Depths:3 | Learned a level 9 spell: Dragon's Call
 71677 | Depths:3 | Noticed Sojobo
 71684 | Depths:3 | Paralysed by an air elemental for 1 turns
 71685 | Depths:3 | Killed Sojobo
 72283 | Depths:3 | Noticed a golden dragon
 72287 | Depths:3 | Killed a golden dragon
 72288 | Depths:3 | Reached skill level 18 in Spellcasting
 72706 | Depths:3 | Received a gift from Sif Muna
 72969 | Depths:3 | Noticed Boris
 72978 | Depths:3 | Killed Boris
 73157 | Depths:3 | Found Atis's Antique Armour Boutique.
 73188 | Depths:3 | Identified the +12 quarterstaff "Roan" {venom, Str+3}
 73381 | Depths:3 | Found a one-way gate to the infinite horrors of the Abyss.
 73539 | Depths:4 | Entered Level 4 of the Depths
 73562 | Depths:4 | Noticed Xtahua
 73573 | Depths:4 | Killed Xtahua
 73679 | Depths:4 | Noticed a golden dragon
 73720 | Depths:4 | Killed a golden dragon
 74128 | Depths:4 | Reached skill level 24 in Summonings
 74550 | Depths:4 | Found a one-way gateway to a ziggurat.
 74668 | Depths:4 | Noticed a juggernaut
 74678 | Depths:4 | Killed a juggernaut
 74957 | Depths:4 | Reached skill level 14 in Fighting
 74957 | Depths:4 | Reached XP level 23. HP: 124/124 MP: 38/46
 75978 | Depths:4 | Found a gate to the Realm of Zot.
 76458 | Vaults:5 | Entered Level 5 of the Vaults
 76473 | Vaults:5 | Received a gift from Sif Muna
 76507 | Vaults:5 | Reached skill level 15 in Fighting
 77072 | Vaults:5 | Reached skill level 19 in Spellcasting
 77205 | Vaults:5 | Reached skill level 12 in Invocations
 77527 | Vaults:5 | Received a gift from Sif Muna
 77528 | Vaults:5 | Got Sif Muna's Compendium of Gathered Sinister Rituals {god
                  | gift}
 77910 | Vaults:5 | Reached skill level 16 in Fighting
 78683 | Vaults:5 | Got a silver rune of Zot
 79095 | Vaults:5 | Identified the amulet of Fuowaoss {RegenMP rF+ Str+3}
 79222 | Vaults:5 | Identified the +4 rapier of Linearity {heavy, rElec rC-
                  | MP+9}
 79398 | Vaults:3 | Reached skill level 20 in Spellcasting
 79766 | Zot:1    | Entered Level 1 of the Realm of Zot
 80028 | Depths:4 | Reached skill level 9 in Stealth
 80052 | Zot:1    | Reached XP level 24. HP: 79/133 MP: 15/48
 80054 | Zot:1    | Reached skill level 13 in Invocations
 80057 | Depths:4 | HP: 8/159 [black draconian knight/+0 long sword (13)]
 80393 | Zot:1    | HP: 8/159 [purple draconian shifter/bolt of dispelling
                  | energy (39)]
 80404 | Zot:1    | HP: 10/159 [death cob (11)]
 81047 | Zot:1    | Noticed Vv
 81438 | Zot:1    | Killed Vv
 82013 | Zot:2    | Reached skill level 21 in Spellcasting
 82211 | Zot:2    | You fall into a shaft and drop 1 floor!
 82211 | Zot:3    | Noticed a curse toe
 82212 | Zot:3    | Noticed an electric golem
 82212 | Zot:3    | Noticed an orb of fire
 82219 | Zot:2    | Received a gift from Sif Muna
 82220 | Zot:2    | Got Gich's Vellum of Transposition and Incineration {god
                  | gift}
 82907 | Zot:2    | Noticed a Killer Klown
 82915 | Zot:2    | Killed a Killer Klown
 82968 | Zot:2    | Identified the ring of Lyujiff {Ice Str+2}
 82968 | Zot:2    | Noticed Josephina
 82980 | Zot:2    | Killed Josephina
 83390 | Zot:3    | Reached skill level 25 in Summonings
 83913 | Zot:3    | Identified the +6 mace of Contradiction {freeze, Fly rF+
                  | Str+3}
 84104 | Zot:3    | Reached skill level 17 in Fighting
 84351 | Zot:3    | Noticed an electric golem
 84361 | Zot:3    | Killed an orb of fire
 84370 | Zot:3    | Killed an electric golem
 84481 | Zot:3    | Killed an electric golem
 84573 | Zot:3    | Reached skill level 18 in Fighting
 84577 | Zot:3    | Killed a curse toe
 84578 | Zot:3    | Reached XP level 25. HP: 142/142 MP: 27/49
 84578 | Zot:3    | Gained a life (2 lives remaining)
 84703 | Zot:3    | Learned a level 4 spell: Passage of Golubria
 84711 | Zot:3    | Learned a level 5 spell: Yara's Violent Unravelling
 84720 | Zot:3    | Learned a level 7 spell: Malign Gateway
 84827 | Zot:4    | Reached skill level 3 in Translocations
 84865 | Zot:4    | Reached skill level 4 in Translocations
 85121 | Zot:4    | Reached skill level 5 in Translocations
 85135 | Zot:4    | Reached skill level 6 in Translocations
 85283 | Zot:4    | Reached skill level 7 in Translocations
 85304 | Zot:4    | Reached skill level 8 in Translocations
 85482 | Zot:4    | Reached skill level 9 in Translocations
 85503 | Zot:4    | Reached skill level 10 in Translocations
 86087 | Zot:4    | Reached skill level 11 in Translocations
 86790 | Zot:4    | Reached skill level 18 in Dodging
 86921 | Zot:4    | Noticed a curse skull
 86945 | Zot:4    | Received a gift from Sif Muna
 86946 | Zot:4    | Got Sif Muna's Almanac of Friendly Evil {god gift}
 86948 | Zot:4    | Noticed a curse toe
 86959 | Zot:4    | Killed a curse toe
 87280 | Zot:4    | Noticed a curse skull
 87299 | Zot:4    | Killed a curse skull
 87412 | Zot:4    | Noticed a curse toe
 87636 | Zot:4    | Noticed a curse toe
 87642 | Zot:4    | Killed a curse toe
 87649 | Zot:4    | Killed a curse toe
 87650 | Zot:4    | Reached skill level 19 in Dodging
 87929 | Zot:4    | Noticed a curse skull
 87956 | Zot:4    | Killed a curse skull
 88197 | Zot:4    | Killed a curse skull
 88206 | Zot:4    | Reached skill level 3 in Unarmed Combat
 88206 | Zot:4    | Reached skill level 12 in Necromancy
 88284 | Zot:5    | Entered Level 5 of the Realm of Zot
 88441 | Zot:5    | Reached skill level 9 in Air Magic
 89061 | Zot:5    | Noticed an orb of fire
 89324 | Zot:5    | Noticed a Killer Klown
 89331 | Zot:5    | Killed an orb of fire
 89334 | Zot:5    | Killed a Killer Klown
 89413 | Zot:5    | Noticed an ancient lich
 89419 | Zot:5    | Killed an ancient lich
 89457 | Zot:5    | Noticed an orb of fire
 89460 | Zot:5    | Noticed a Killer Klown
 89468 | Zot:5    | Noticed an orb of fire
 89473 | Zot:5    | Gained mutation: You are clumsy. (Dex -2) [an orb of fire]
 89477 | Zot:5    | Killed an orb of fire
 89478 | Zot:5    | Reached skill level 22 in Spellcasting
 89641 | Zot:5    | Noticed an ancient lich
 89643 | Zot:5    | Noticed an electric golem
 89645 | Zot:5    | Noticed a Killer Klown
 89653 | Zot:5    | Killed a Killer Klown
 89653 | Zot:5    | Killed an ancient lich
 89654 | Zot:5    | Killed an electric golem
 89655 | Zot:5    | Reached skill level 14 in Invocations
 89713 | Zot:5    | Noticed an ancient lich
 89723 | Zot:5    | Killed an ancient lich
 89755 | Zot:5    | Killed a Killer Klown
 89975 | Zot:5    | Noticed an orb of fire
 90019 | Zot:5    | Killed an orb of fire
 90040 | Zot:5    | Noticed an electric golem
 90177 | Zot:5    | Killed an electric golem
 90178 | Zot:5    | Reached XP level 26. HP: 147/147 MP: 39/50
 90393 | Zot:5    | Noticed an orb of fire
 90395 | Zot:5    | Gained mutation: Your spells are a little easier to cast,
                  | but a little less powerful. [an orb of fire]
 90400 | Zot:5    | Lost mutation: You are clumsy. (Dex -2) [potion of
                  | mutation]
 90400 | Zot:5    | Lost mutation: Your spells are a little easier to cast, but
                  | a little less powerful. [potion of mutation]
 90400 | Zot:5    | Gained mutation: You are agile. (Dex +4, Str/Int -1)
                  | [potion of mutation]
 90400 | Zot:5    | Gained mutation: You possess an exceptional clarity of
                  | mind. [potion of mutation]
 90400 | Zot:5    | Gained mutation: You occasionally shout uncontrollably at
                  | your foes. [potion of mutation]
 90400 | Zot:5    | Gained mutation: You expend magic power (3 MP) to
                  | strengthen your wands. [potion of mutation]
 90481 | Zot:5    | Gained mutation: Your system is resistant to poisons.
                  | (rPois) [an orb of fire]
 90482 | Zot:5    | Gained mutation: You are frail. (-10% HP) [an orb of fire]
 90488 | Zot:5    | Killed an orb of fire
 90731 | Zot:5    | Gained mutation: Your magical capacity is low. (-10% MP)
                  | [an orb of fire]
 90745 | Zot:5    | Killed an orb of fire
 91027 | Zot:5    | Lost mutation: Your magical capacity is low. (-10% MP)
                  | [potion of mutation]
 91027 | Zot:5    | Lost mutation: You are agile. (Dex +4, Str/Int -1) [potion
                  | of mutation]
 91027 | Zot:5    | Lost mutation: You are frail. (-10% HP) [potion of
                  | mutation]
 91264 | Zot:5    | Reached skill level 23 in Spellcasting
 91354 | Zot:5    | Noticed a dread lich
 91365 | Zot:5    | Killed a dread lich
 91543 | Zot:5    | Got the Orb of Zot
 91552 | Zot:5    | Noticed Deobral the pandemonium lord
 91932 | Depths:2 | Noticed Boris
 91937 | Depths:2 | Killed Boris
 92401 | D:$      | Escaped with the Orb!

Vanquished Creatures
  A Killer Klown (Zot:2)
  2 tentacled monstrosities
  An Orb Guardian (Zot:5)
  A quicksilver dragon (Zot:3)
  A kraken (Shoals:4)
  A death cob (Zot:2)
  A shadow dragon (Zot:2)
  A storm dragon (Vaults:5)
  A tengu reaver (Vaults:5)
  A draconian shifter (Zot:1)
  An ironbound preserver (Vaults:4)
  A war gargoyle (Vaults:5)
  A purple draconian (Zot:2)
  A red draconian (Zot:3)
  An ettin (Vaults:5)
  A vault guard (Vaults:5)
  3 hydras
  A boulder beetle (D:12)
  A satyr (Shoals:1)
  A death yak (Lair:4)
  A thrashing horror (Abyss:4)
  2 skysharks
  A deep elf pyromancer (D:10)
  A necromancer (D:13)
  2 cyclopes
  A manticore (D:14)
  3 ugly things (D:15)
  An elephant (Lair:5)
  Joseph (D:9)
  2 black mambas
  A gargoyle (D:8)
  4 cane toads
  2 nameless horrors
  An unseen horror (Zot:3)
  A rime drake (Lair:1)
  A kobold demonologist (D:10)
  7 komodo dragons
  A guardian mummy (D:10)
  An ice devil (Zot:4)
  2 golden dragon simulacra (IceCv)
  A troll (D:9)
  A hornet (D:10)
  A wind drake (Shoals:1)
  10 blink frogs
  22 yaks
  4 wyverns
  3 basilisks
  A steam dragon (D:9)
  A golden eye (Zot:4)
  3 water moccasins
  3 wolves
  A centaur (D:10)
  A bullfrog (Lair:4)
  A howler monkey (D:4)
  A crimson imp (D:5)
  3 orc wizards
  2 bats
  A kobold (D:9)
  3 tentacles
122 creatures vanquished.

Vanquished Creatures (collateral kills)
  A dread lich (Zot:5)
  Frederick (Vaults:2)
  6 orbs of fire
  3 ancient liches (Zot:5)
  A juggernaut (Depths:4)
  Xtahua (Depths:4)
  Boris (Depths:3)
  Sojobo (Depths:3)
  Josephina (Zot:2)
  3 Killer Klowns (Zot:5)
  Vv (Zot:1)
  4 curse toes
  Nikola (D:15)
  9 golden dragons
  the Enchantress (D:15)
  A Tzitzimitl (Depths:2)
  4 bone dragons (Zot:4)
  4 electric golems
  A lich (Depths:1)
  24 Orb Guardians
  Asterion (Vaults:2)
  2 titans (Vaults:5)
  3 deep elf master archers (Elf:3)
  24 tentacled monstrosities
  2 deep elf blademasters (Elf:3)
  5 sphinxes
  A walking earthen tome (Depths:3)
  An Executioner (Zot:2)
  5 quicksilver dragons
  2 krakens
  Frances (Shoals:1)
  A tentacled starspawn (Abyss:4)
  9 death cobs
  Donald (Snake:2)
  10 tengu reavers
  17 storm dragons
  11 shadow dragons
  A revenant (Abyss:4)
  Aizul (Snake:2)
  4 fire giants
  4 protean progenitors
  8 nagarajas (Snake:4)
  8 frost giants
  8 deep elf sorcerers
  10 draconian knights
  9 draconian monks
  20 vault wardens
  10 draconian shifters
  A ghost moth (Zot:2)
  7 draconian scorchers
  4 deep elf elementalists (Elf:3)
  An iron dragon (Depths:1)
  3 curse skulls (Zot:4)
  2 balrugs (Depths:3)
  4 orc warlords
  23 ironbound preservers
  4 spriggan defenders
  5 draconian stormcallers
  13 stone giants
  14 very ugly things
  3 formless jellyfish
  5 draconian annihilators
  4 deep elf demonologists
  7 deep elf death magi
  2 grey draconians (Depths:4)
  4 ironbound thunderhulks
  6 vampire knights
  15 yellow draconians
  12 black draconians
  5 deep elf annihilators
  12 dire elephants
  4 war gargoyles (Vaults:5)
  8 green draconians
  3 minotaurs (Shoals:4)
  15 red draconians
  13 purple draconians
  11 white draconians
  15 ettins
  11 fire dragons
  2 merfolk javelineers (Shoals:1)
  A green death (Depths:2)
  A blizzard demon (Depths:2)
  2 entropy weavers
  2 jiangshi (Depths:4)
  8 yaktaur captains
  6 merfolk impalers
  5 great orbs of eyes
  3 rakshasas
  4 salamander tyrants
  Erolcha (D:11)
  2 caustic shrike simulacra (IceCv)
  29 vault guards
  7 deep elf high priests
  A peacekeeper (Vaults:4)
  A hell beast (Depths:3)
  5 hydras
  4 spriggan air magi
  11 boulder beetles
  9 ice dragons
  4 ironbound frosthearts
  6 catoblepae
  5 ogre magi
  9 anacondas
  Erica (D:8)
  10 centaur warriors
  4 merfolk avatars
  7 death yaks (Lair:5)
  3 merfolk aquamancers
  4 alligator snapping turtles
  11 two-headed ogres
  15 dancing weapons
  4 deep troll shamans
  3 vampire magi
  3 demonic crawlers (Elf:2)
  2 thrashing horrors (Abyss:4)
  13 satyrs
  11 deep troll earth magi
  2 orc high priests (Vaults:3)
  An occultist (Depths:2)
  12 naga warriors
  A shock serpent (shapeshifter) (Vaults:5)
  12 spriggan berserkers
  6 deep elf knights
  18 naga sharpshooters
  10 shock serpents
  4 sun demons
  9 iron trolls
  7 skysharks
  12 skeletal warriors
  7 shadow wraiths (Depths:2)
  4 salamander mystics
  3 goliath frogs
  A cherub (Depths:4)
  A sixfirhy (D:2)
  An arcanist (Vaults:3)
  A deep troll (shapeshifter) (D:15)
  8 mana vipers
  3 shadow demons (Depths:2)
  A swamp dragon (shapeshifter) (Vaults:5)
  4 large abominations (Abyss:4)
  84 deep trolls
  An obsidian statue (Zot:5)
  A steelbarb worm (shapeshifter) (Vaults:5)
  5 glowing orange brains
  12 sea snakes
  4 naga ritualists
  3 lindwurms
  18 ironbound convokers
  A phantasmal warrior (Vaults:5)
  9 deep elf archers
  22 harpies
  19 deep elf pyromancers
  A wolf spider zombie (D:14)
  Pikel (D:6)
  15 deep elf zephyrmancers
  33 nameless horrors
  A wolf spider (Vaults:5)
  4 necromancers
  An orc sorcerer (Vaults:3)
  A shining eye (Zot:4)
  An iron dragon zombie (Depths:1)
  10 ugly things
  17 manticores
  10 orc knights
  16 fauns
  A worldbinder (Abyss:4)
  6 cyclopes
  7 merfolk sirens
  4 guardian serpents
  15 salamanders
  5 kobold blastminers
  A meliai (shapeshifter) (D:14)
  A centaur zombie (D:14)
  3 elephants (Lair:5)
  2 molten gargoyles (Lair:5)
  3 torpor snails
  18 naga magi
  A rust devil (Zot:5)
  20 moths of wrath
  An iron dragon skeleton (Depths:1)
  37 black mambas
  8 water nymphs
  2 ice statues
  16 vault sentinels
  A gargoyle (D:14)
  7 cane toads
  2 storm dragon simulacra (Zot:2)
  7 unseen horrors
  Maggie (D:9)
  3 rime drakes
  A kobold demonologist (D:12)
  2 orange demons
  A hellion (Depths:4)
  A tengu conjurer (D:13)
  2 anaconda simulacra (IceCv)
  2 efreet
  4 komodo dragons
  2 freezing wraiths
  21 yaktaurs
  Psyche (D:11)
  10 trolls
  2 red devils
  A golden dragon simulacrum (IceCv)
  An ancient zyme (Abyss:4)
  A merfolk (shapeshifter) (Depths:2)
  7 hornets
  28 merfolk
  5 wind drakes
  A tarantella (Vaults:2)
  3 alligator simulacra (IceCv)
  2 dream sheep (Shoals:1)
  3 polar bears
  Grinder (D:6)
  A raiju (Orc:1)
  17 blink frogs
  30 slime creatures
  7 snapping turtles
  2 glass eyes (Zot:4)
  A spriggan (shapeshifter) (D:13)
  Sigmund (D:5)
  8 spriggans
  5 wraiths
  2 vampires
  An ettin skeleton (Depths:1)
  13 wyverns
  4 basilisks
  A fire bat (Orc:1)
  3 shadows
  22 water elementals
  Eustachio (D:4)
  2 wargs
  A neqoxec (Abyss:4)
  7 golden eyes
  34 yaks
  A fire elemental (Elf:2)
  18 humans (D:13)
  3 vampire mosquitoes (Elf:2)
  2 redbacks (Vaults:2)
  Grum (Lair:1)
  A white draconian simulacrum (Zot:2)
  4 chaos spawn
  2 harpy simulacra (IceCv)
  2 small abominations (Abyss:4)
  3 swamp worms (Zot:4)
  54 nagas
  5 hell hounds
  7 acid dragons
  12 water moccasins
  An unseen horror (shapeshifter) (Vaults:5)
  A swamp worm (shapeshifter) (Vaults:5)
  9 orc warriors
  A black bear (Lair:2)
  2 ettin simulacra (IceCv)
  5 boggarts (Vaults:3)
  35 ogres
  8 laughing skulls (Abyss:4)
  13 wolves
  8 centaurs
  2 starcursed masses (Abyss:4)
  4 lemures (D:6)
  2 kobold brigands
  3 phantoms
  12 bullfrogs
  Blork the orc (D:5)
  2 gnoll sergeants
  3 scorpions
  11 earth elementals
  4 wights (D:8)
  A lindwurm simulacrum (IceCv)
  2 howler monkeys (D:9)
  5 lava snakes (Lair:5)
  A hound (D:6)
  6 jellies
  7 bombardier beetles
  15 orc priests
  4 iguanas
  A gnoll bouda (D:6)
  3 sleepcaps
  11 orc wizards
  4 hell rats (Lair:4)
  23 gnolls
  5 adders
  2 shadow imps (D:5)
  4 ufetubi
  2 ribbon worms
  A dart slug (D:3)
  52 orcs
  4 ball pythons
  5 endoplasms
  12 giant cockroaches
  9 goblins
  8 hobgoblins
  2 quokkas
  A bat (D:3)
  19 kobolds
  6 rats
  An aspiring flesh (Zot:4)
  A spectral weapon (Vaults:5)
  7 tentacles
2024 creatures vanquished.

Vanquished Creatures (others)
  Boris (Depths:2)
  33 eldritch tentacles
  A fire giant (Depths:1)
  A draconian knight (Depths:4)
  A spriggan defender (D:15)
  A very ugly thing (IceCv)
  A deep elf knight (Elf:3)
  An ironbound convoker (Vaults:5)
  A hornet (Depths:2)
  A draconian simulacrum (Zot:2)
  9 dancing weapons
  75 blazeheart cores
  21 snaplasher vines
  2 starspawn tentacles (Abyss:4)
  16 tentacles
165 creatures vanquished.

Grand Total: 2311 creatures vanquished

Table legend: (Time is in decaauts)
 A = Elapsed time spent in this place.
 B = Non-inter-level travel time spent in this place.
 C = Inter-level travel time spent in this place.
 D = Time resting spent in this place.
 E = Time spent auto-exploring this place.
 F = Levels seen in this place.
 G = Mean time per level.
                   A        B        C        D        E       F      G
               +--------+--------+--------+--------+--------+-----+--------+
         Total |  92578 |  83325 |   9253 |  25436 |  37935 |  51 | 1815.3 |
       Dungeon |  23843 |  20617 |   3226 |   3886 |  12732 |  15 | 1589.5 |
        Temple |     18 |     18 |      0 |      0 |      0 |   1 |   18.0 |
          Lair |   8747 |   7698 |   1049 |   1788 |   4130 |   5 | 1749.4 |
        Shoals |   8851 |   8228 |    623 |   3669 |   2514 |   4 | 2212.8 |
     Snake Pit |   8988 |   8255 |    733 |   3137 |   3209 |   4 | 2247.0 |
  Orcish Mines |   3073 |   2426 |    647 |    467 |   1328 |   2 | 1536.5 |
   Elven Halls |   4812 |   4632 |    180 |   1079 |   2477 |   3 | 1604.0 |
        Vaults |  11718 |  10795 |    923 |   2781 |   4211 |   5 | 2343.6 |
        Depths |  11095 |  10054 |   1041 |   4101 |   4024 |   4 | 2773.8 |
           Zot |  10620 |   9793 |    827 |   4364 |   3026 |   5 | 2124.0 |
         Abyss |    504 |    504 |      0 |     49 |    243 |   1 |  504.0 |
        Bazaar |     61 |     61 |      0 |      0 |     40 |   1 |   61.0 |
      Ice Cave |    240 |    240 |      0 |    113 |      0 |   1 |  240.0 |
               +--------+--------+--------+--------+--------+-----+--------+

Top non-repeatable levels by time:
Depths:4: 4041 daAuts
    D:15: 3000 daAuts
   Zot:4: 2998 daAuts
 Snake:4: 2914 daAuts
Vaults:5: 2893 daAuts
   Zot:5: 2862 daAuts
Depths:2: 2838 daAuts
Shoals:1: 2780 daAuts
 Snake:1: 2685 daAuts
   Zot:3: 2504 daAuts
Vaults:1: 2503 daAuts
Vaults:3: 2401 daAuts
  Lair:5: 2375 daAuts
Shoals:2: 2279 daAuts
     D:6: 2210 daAuts

Table legend:
 A = Non-vault XP
 B = Vault XP
 C = Vault XP percentage of total XP
 D = Non-vault monster count
 E = Vault monster count
 F = Vault count percentage of total count
                 A         B        C        D         E       F
            +---------+---------+-------+---------+---------+-------
      Total |  771236 |  586251 |  43.2 |    1402 |     684 |  32.8
            +---------+---------+-------+---------+---------+-------
        D:1 |      39 |       0 |   0.0 |      22 |       0 |   0.0
        D:2 |      25 |       0 |   0.0 |      16 |       0 |   0.0
        D:3 |      50 |       0 |   0.0 |      14 |       0 |   0.0
        D:4 |     577 |     197 |  25.5 |      22 |       1 |   4.3
        D:5 |    1137 |     824 |  42.0 |      34 |      10 |  22.7
        D:6 |     931 |     894 |  49.0 |      19 |       2 |   9.5
        D:7 |     607 |       5 |   0.8 |      15 |       2 |  11.8
        D:8 |     598 |    1984 |  76.8 |      12 |       7 |  36.8
        D:9 |    3179 |    1076 |  25.3 |      25 |       4 |  13.8
       D:10 |    2162 |    1460 |  40.3 |      19 |       4 |  17.4
       D:11 |    5760 |    1193 |  17.2 |      21 |       2 |   8.7
       D:12 |    7253 |       0 |   0.0 |      14 |       0 |   0.0
       D:13 |    2345 |   18891 |  89.0 |       4 |      48 |  92.3
       D:14 |    5956 |    3936 |  39.8 |      18 |       8 |  30.8
       D:15 |   22491 |    7763 |  25.7 |      31 |       6 |  16.2
     Lair:1 |    1486 |    1632 |  52.3 |       6 |       7 |  53.8
     Lair:2 |    6152 |     498 |   7.5 |      23 |       1 |   4.2
     Lair:3 |    5455 |     496 |   8.3 |      22 |       3 |  12.0
     Lair:4 |   11231 |    2910 |  20.6 |      44 |      12 |  21.4
     Lair:5 |   21607 |    5863 |  21.3 |      56 |      24 |  30.0
   Shoals:1 |   20603 |    4657 |  18.4 |      38 |       6 |  13.6
   Shoals:2 |   22316 |     405 |   1.8 |      42 |       2 |   4.5
   Shoals:3 |   19354 |       0 |   0.0 |      41 |       0 |   0.0
   Shoals:4 |   13492 |   22366 |  62.4 |      26 |      31 |  54.4
    Snake:1 |   19993 |     427 |   2.1 |      39 |       1 |   2.5
    Snake:2 |   13813 |    2729 |  16.5 |      31 |       2 |   6.1
    Snake:3 |    9581 |    9557 |  49.9 |      21 |      14 |  40.0
    Snake:4 |   30651 |   21495 |  41.2 |      56 |      35 |  38.5
      Orc:1 |    2648 |     994 |  27.3 |      23 |       4 |  14.8
      Orc:2 |    5373 |   14820 |  73.4 |      48 |      37 |  43.5
      Elf:1 |    4324 |    7298 |  62.8 |       8 |      11 |  57.9
      Elf:2 |   15174 |    9360 |  38.2 |      24 |      13 |  35.1
      Elf:3 |   13814 |   30420 |  68.8 |      22 |      26 |  54.2
   Vaults:1 |   41710 |    3922 |   8.6 |      59 |       5 |   7.8
   Vaults:2 |   11480 |   21535 |  65.2 |      17 |      24 |  58.5
   Vaults:3 |   25165 |   22116 |  46.8 |      39 |      34 |  46.6
   Vaults:4 |   26859 |   27384 |  50.5 |      36 |      29 |  44.6
   Vaults:5 |   25199 |   93480 |  78.8 |      30 |      89 |  74.8
   Depths:1 |   22548 |    9326 |  29.3 |      27 |      15 |  35.7
   Depths:2 |   26732 |   18487 |  40.9 |      38 |      20 |  34.5
   Depths:3 |   31380 |   23113 |  42.4 |      37 |      14 |  27.5
   Depths:4 |   44722 |   23300 |  34.3 |      46 |      25 |  35.2
      Zot:1 |   44253 |    2905 |   6.2 |      38 |       1 |   2.6
      Zot:2 |   47161 |    3875 |   7.6 |      39 |       4 |   9.3
      Zot:3 |   32272 |   36976 |  53.4 |      27 |      24 |  47.1
      Zot:4 |   65246 |   23487 |  26.5 |      60 |      22 |  26.8
      Zot:5 |   20550 |   95971 |  82.4 |      19 |      38 |  66.7
    Abyss:4 |   15782 |       0 |   0.0 |      34 |       0 |   0.0
      IceCv |       0 |    6224 | 100.0 |       0 |      17 | 100.0
            +---------+---------+-------+---------+---------+-------
